 Dungeon Crawl Stone Soup version 0.21.1-1-g345015f (webtiles) character file.

7416 diana the Carver (level 11, 0/89 HPs)
             Began as a Merfolk Gladiator on June 5, 2018.
             Was a Priest of Wu Jian.
             Slain by an unseen horror (4 damage)
             ... on level 11 of the Dungeon.
             The game lasted 00:20:20 (13161 turns).

diana the Carver (Merfolk Gladiator)               Turns: 13161, Time: 00:20:21

Health: 0/89       AC:  5    Str: 18 (20) XL:     11   Next: 14%
Magic:  11/11      EV: 21    Int:  5 (7)  God:    Wu Jian [***...]
Gold:   518        SH:  0    Dex: 18 (19) Spells: 10/10 levels left

rFire    . . .     SeeInvis .   z - +5 long sword
rCold    + . .     Gourm    .   (no shield)
rNeg     . . .     Faith    .   b - +1 leather armour
rPois    .         Spirit   .   c - +0 helmet
rElec    .         Reflect  .   (no cloak)
rCorr    .         Harm     .   (no gloves)
MR       .....                  (no boots)
Stlth    +.........             (no amulet)
HPRegen  0.24/turn              D - +2 ring of strength
MPRegen  0.12/turn              w - +3 ring of strength

@: no status effects
A: change form in water, swift swim, stealthy swim, cold resistance 1, subdued
magic 1, sturdy frame 1
a: Wall Jump, Serpent's Lash, Renounce Religion


You were on level 11 of the Dungeon.
You worshipped Wu Jian.
Wu Jian was most pleased with you.
You were not hungry.

You visited 2 branches of the dungeon, and saw 12 of its levels.

You collected 518 gold pieces.

Inventory:

Hand Weapons
 z - a +5 long sword (weapon)
Missiles
 d - 4 throwing nets (quivered)
Armour
 a - the +0 scale mail of Youthful Indiscretion {rC+}
   (You found it on level 11 of the Dungeon)

   It protects you from cold.
 b - a +1 leather armour (worn)
 c - a +0 helmet (worn)
Jewellery
 j - an uncursed ring of protection from fire
 r - an uncursed ring of positive energy
 w - a +3 ring of strength (right hand)
 y - an uncursed ring of flight
 A - a +2 ring of protection
 D - a +2 ring of strength (left hand)
 F - an uncursed ring of magical power
 J - an uncursed ring of wizardry
Wands
 l - a wand of flame (46)
 B - a wand of clouds (3)
 E - a wand of polymorph (11)
 H - a wand of acid (15)
 L - a wand of random effects (17)
Scrolls
 e - 2 scrolls of amnesia
 g - a scroll of magic mapping
 i - 3 scrolls of immolation
 m - 8 scrolls of remove curse
 n - 2 scrolls of random uselessness
 q - a scroll of enchant weapon {unknown}
 s - 4 scrolls of identify
 G - 2 scrolls of noise
 I - a scroll of teleportation {unknown}
 M - a scroll of vulnerability {unknown}
Potions
 h - a potion of haste
 u - a potion of degeneration
 x - a potion of brilliance
 C - a potion of mutation
Books
 f - a book of Battle

   Spells                             Type                      Level
   a - Infusion                       Charms                       1
   b - Shroud of Golubria             Charms/Translocation         2
   c - Song of Slaying                Charms                       2
   d - Spectral Weapon                Hexes/Charms                 3
   e - Regeneration                   Charms/Necromancy            3
 k - a book of Misfortune

   Spells                             Type                      Level
   a - Confusing Touch                Hexes                        1
   b - Confuse                        Hexes                        3
   c - Gell's Gravitas                Translocation                3
   d - Petrify                        Transmutation/Earth          4
   e - Metabolic Englaciation         Hexes/Ice                    5
   f - Yara's Violent Unravelling     Hexes/Transmutation          5
Comestibles
 o - 17 rations


   Skills:
 + Level 9.5 Fighting
 * Level 13.0 Long Blades
 - Level 2.0 Throwing
 + Level 11.5 Dodging


You had 10 spell levels left.
You didn't know any spells.

Dungeon Overview and Level Annotations

Branches:
Dungeon (11/15)            Temple (1/1) D:5            Lair (0/6) D:8
    Orc: D:9-12

Altars:
Elyvilon
Fedhas
Gozag
Makhleb
Nemelex Xobeh
Okawaru
Qazlal
Ru
Trog
Uskayaw
Vehumet
Wu Jian
Xom
Yredelemnul
Zin
The Shining One


Innate Abilities, Weirdness & Mutations

You revert to your normal form in water.
You are very nimble and swift while swimming.
You are very stealthy in the water. (Stealth+)
Your flesh is cold resistant. (rC+)
Your spells are a little easier to cast, but a little less powerful.
Your movements are slightly less encumbered by armour. (ER -2)


Message History

Your +0 helmet melds into your body.
Your +0 leather armour melds into your body.
Your roots penetrate the ground.
Something hits you but does no damage. Something hits you.
* * * LOW HITPOINT WARNING * * *
Okay, then.
As you read the scroll labeled RAESTI QUWAZ, it crumbles to dust.
It is a scroll of enchant armour.
Your +0 leather armour glows green for a moment.
Something hits you.
* * * LOW HITPOINT WARNING * * *
It was a potion of cancellation.
Your magical effects are unravelling.
You feel magically purged.
You feel less wooden.
Your +0 helmet unmelds from your body.
Your +1 leather armour unmelds from your body.
You feel a little less clever now. Something hits you.
You die...

......#,,,#...?..........#.......
......#,,,#..............#.......
......#,,,#..............#.......
......#,###'##############.......
.......,#................§.......
........#...............§§§......
,,,,,,,,#...............§§§......
,,,,,,,,#...........######§......
,<,,,***######..@...#,,,,#.§.....
,,,,,*,.............#,,,,#.......
,,,,,*,......$......#,,,,#.......
,,,,,*,.............#,,,,#.......
,,,,,*,.............#*+**#.......
**'****###...#......#,,,,#.......
,,,,,,,,,#...#......#,,,,#.......
,,,,,,,,,#...#......#,,,,########
,,,,,,,,,*,,,*,,,,,,*,,,,,,,,,,,,


There were no monsters in sight!

Vanquished Creatures
  The ghost of realspace3 the Slinger, a novice KoHu (D:7)
  An unseen horror (D:10)
  An ugly thing (D:11)
  A cyclops (D:8)
  The ghost of Jaiteiro the Shield-Bearer, a novice GrBe of Trog (D:6)
  A gargoyle (D:11)
  A hippogriff (D:7)
  Edmund (D:3)
  3 orc warriors
  3 ice beasts
  A necrophage (D:6)
  A sky beast (D:11)
  A black bear (D:11)
  A phantom (D:5)
  5 ogres
  5 centaurs
  A big kobold (D:9)
  3 bullfrogs
  5 scorpions
  4 wights
  13 killer bees
  4 howler monkeys
  4 crimson imps
  2 jellies
  3 centaur skeletons
  A centaur zombie (D:7)
  8 orc wizards
  4 orc priests
  A gnoll shaman (D:9)
  3 hounds
  4 iguanas
  Jessica (D:3)
  Natasha (twice) (D:4)
  10 worker ants
  The ghost of Sapher the Grave Robber, a weakling GnNe (D:3)
  A hound skeleton (D:4)
  2 worker ant zombies
  6 adders
  10 gnolls
  A howler monkey skeleton (D:7)
  2 oozes
  An adder skeleton (D:5)
  A dart slug (D:3)
  6 leopard geckos
  38 orcs
  4 giant cockroaches
  4 goblins
  2 hobgoblins
  7 jackals
  10 kobolds
  4 quokkas
  5 frilled lizards
  3 jackal skeletons
  A quokka skeleton (D:4)
  4 rats
214 creatures vanquished.

Notes
Turn   | Place    | Note
-------+----------+-------------------------------------------
     0 | D:1      | diana the Merfolk Gladiator began the quest for the Orb.
     0 | D:1      | Reached XP level 1. HP: 16/16 MP: 1/1
    14 | D:1      | You fall through a shaft!
   334 | D:2      | Reached XP level 2. HP: 23/23 MP: 2/2
   545 | D:2      | Reached skill level 4 in Long Blades
   545 | D:2      | Reached XP level 3. HP: 17/28 MP: 3/3
  1027 | D:2      | Reached XP level 4. HP: 11/35 MP: 4/4
  1069 | D:2      | HP: 1/35 [poisoned by a worker ant]
  1571 | D:2      | Found a burning altar of Makhleb.
  1571 | D:2      | Noticed a blizzard demon
  1639 | D:3      | Noticed Sapher's ghost (weakling GnNe)
  2127 | D:3      | Reached skill level 5 in Dodging
  2199 | D:3      | Reached XP level 5. HP: 37/41 MP: 5/5
  2335 | D:3      | Found a blossoming altar of Fedhas.
  2341 | D:3      | Reached skill level 5 in Long Blades
  2375 | D:3      | Killed Sapher's ghost
  2750 | D:3      | Noticed Jessica
  2766 | D:3      | Killed Jessica
  2853 | D:4      | Noticed Edmund
  2900 | D:3      | Reached XP level 6. HP: 5/48 MP: 6/6
  2940 | D:4      | Noticed Natasha
  2948 | D:4      | Killed Natasha
  3238 | D:4      | Reached skill level 6 in Long Blades
  3897 | D:4      | Reached XP level 7. HP: 23/55 MP: 7/7
  4335 | D:4      | Noticed Natasha
  4339 | D:4      | Killed Natasha
  4419 | D:3      | Killed Edmund
  4652 | D:5      | Entered Level 5 of the Dungeon
  4691 | D:5      | Reached skill level 7 in Long Blades
  5064 | D:5      | Reached skill level 5 in Fighting
  5441 | D:5      | Found a staircase to the Ecumenical Temple.
  5470 | D:5      | Reached XP level 8. HP: 37/62 MP: 8/8
  5519 | Temple   | Entered the Ecumenical Temple
  5566 | Temple   | Became a worshipper of the Wu Jian Council
  5781 | D:6      | Reached skill level 8 in Long Blades
  6155 | D:6      | Noticed Jaiteiro's ghost (novice GrBe)
  6210 | D:6      | Killed Jaiteiro's ghost
  6210 | D:6      | Reached skill level 9 in Long Blades
  6210 | D:6      | Reached XP level 9. HP: 33/71 MP: 9/9
  6500 | D:6      | Reached * piety under Wu Jian
  6526 | D:6      | Reached skill level 10 in Long Blades
  6991 | D:7      | Noticed realspace3's ghost (novice KoHu)
  7007 | D:7      | Killed realspace3's ghost
  7007 | D:7      | Reached skill level 11 in Long Blades
  7007 | D:7      | Reached XP level 10. HP: 32/80 MP: 10/10
  7598 | D:7      | Reached skill level 10 in Dodging
  8178 | D:8      | Noticed a cyclops
  8481 | D:8      | Killed a cyclops
  8818 | D:8      | Reached ** piety under Wu Jian
  9153 | D:8      | Found a staircase to the Lair.
  9530 | D:9      | Found an iron altar of Okawaru.
  9530 | D:9      | Found a glowing golden altar of the Shining One.
  9685 | D:9      | Reached skill level 12 in Long Blades
  9763 | D:9      | Noticed an angel
  9764 | D:9      | Found a glowing silver altar of Zin.
  9764 | D:9      | Found a shimmering altar of Xom.
 10206 | D:10     | Entered Level 10 of the Dungeon
 10873 | D:10     | Reached *** piety under Wu Jian
 11428 | D:10     | HP: 4/83 [something (7)]
 11429 | D:10     | Killed an unseen horror
 11935 | D:11     | Noticed a red ugly thing
 11944 | D:11     | Killed a red ugly thing
 11944 | D:11     | Reached XP level 11. HP: 18/89 MP: 11/11
 12350 | D:11     | Reached skill level 13 in Long Blades
 12357 | D:11     | HP: 2/89 [something (6)]
 12766 | D:11     | Got a polished scale mail
 12777 | D:11     | Identified the +0 scale mail of Youthful Indiscretion {rC+} (You found it on level 11 of the Dungeon)
 13146 | D:11     | Gained mutation: Your spells are a little easier to cast, but a little less powerful. [potion of mutation]
 13146 | D:11     | Gained mutation: Your movements are slightly less encumbered by armour. (ER -2) [potion of mutation]
 13146 | D:11     | Gained mutation: Your flesh is cold resistant. (rC+) [potion of mutation]
 13160 | D:11     | HP: 6/133 [something (3)]
 13161 | D:11     | Slain by an unseen horror

Skill      XL: |  1  2  3  4  5  6  7  8  9 10 11 |
---------------+----------------------------------+-----
Long Blades    | 4 5 6 7 9 11 12 13 | 13.0
Fighting       | 3 4 5 6 7 9 |  9.5
Dodging        | 5 6 7 8 9 11 | 11.5
Throwing       | |  2.0

Action                   |  1- 3 |  4- 6 |  7- 9 | 10-12 || total
-------------------------+-------+-------+-------+-------++-------
Melee: Long sword        |    68 |   144 |   276 |   310 ||   798
Throw: Throwing net      |       |     2 |     2 |       ||     4
Invok: Lunge             |       |       |     8 |    23 ||    31
       Whirlwind         |       |       |       |     1 ||     1
       Serpent's Lash    |       |       |       |     1 ||     1
Evoke: Wand              |       |       |       |     2 ||     2
  Use: Potion            |       |     1 |     4 |     8 ||    13
       Scroll            |       |     3 |       |     9 ||    12
 Stab: Held in net/web   |       |     1 |     1 |       ||     2
       Sleeping          |       |       |     1 |     2 ||     3
       Distracted        |       |       |       |     1 ||     1
  Eat: Ration            |       |     1 |     2 |     2 ||     5
       Chunk             |       |     6 |     4 |    13 ||    23
Armor: Leather armour    |    17 |    20 |    45 |    28 ||   110
       Skin              |       |       |       |     1 ||     1
Dodge: Dodged            |    56 |   139 |   183 |   263 ||   641
       Rpst.: Long sword |    20 |    54 |    56 |    78 ||   208
